 Dungeon Crawl Stone Soup version 0.29.1-15-g9cfb28693d (webtiles) character file.

Game seed: 8815446864803134769

655 tizbic2 the Cudgeller (level 7, 0/76 HPs)
             Began as an Ogre Gladiator on Apr 18, 2023.
             Was a Follower of Wu Jian.
             Slain by a quasit (1 damage)
             ... on level 4 of the Dungeon.
             The game lasted 00:20:01 (7019 turns).

tizbic2 the Cudgeller (Ogre Gladiator)              Turns: 7019, Time: 00:20:02

Health: 0/76       AC:  3    Str: 21    XL:     7   Next: 54%
Magic:  7/7        EV:  1    Int:  9    God:    Wu Jian [*.....]
Gold:   210        SH:  0    Dex: -4 (16) Spells: 6/6 levels left

rFire   . . .      SeeInvis .   w - +0 mace
rCold   . . .      Faith    .   (no shield)
rNeg    + . .      Spirit   .   b - +0 robe
rPois   .          Reflect  .   c - +0 hat
rElec   .          Harm     .   (no cloak)
rCorr   .          Rampage  .   (gloves unavailable)
Will    .....                   (boots unavailable)
Stlth   ..........              (no amulet)
HPRegen 0.22/turn               y - +6 ring of dexterity
MPRegen 0.10/turn               u - ring of positive energy

@: slowed, lost dexterity, invisible, very slow
A: large, unfitting armour, tough skin 1
a: Renounce Religion


You were on level 4 of the Dungeon.
You worshipped Wu Jian.
Wu Jian was aware of your devotion.
You visited 1 branch of the dungeon, and saw 5 of its levels.

You collected 210 gold pieces.

Inventory:

Hand Weapons
 a - a +2 vampiric spear
 e - a +0 flail
 w - a +0 mace (weapon)
Missiles
 d - a throwing net
 f - 35 stones (quivered)
 j - 4 large rocks
 s - 4 atropa-tipped darts
Armour
 b - a +0 robe (worn)
 c - a +0 hat (worn)
Jewellery
 l - a ring of protection from fire
 u - a ring of positive energy (right hand)
 v - a ring of flight
 y - a +6 ring of dexterity (left hand)
Wands
 k - a wand of roots (12)
Scrolls
 g - a scroll of immolation
 m - 2 scrolls of teleportation
 p - 2 scrolls of identify
Potions
 h - a potion of flight {unknown}
 i - 2 potions of cancellation
 n - 4 potions of curing {unknown}
 o - a potion of brilliance {unknown}
 q - a potion of magic {unknown}
 r - a potion of invisibility
 t - 3 potions of haste {unknown}


   Skills:
 + Level 6.4 Fighting
 * Level 6.6 Maces & Flails
 - Level 2.0 Throwing
 - Level 2.6 Dodging


You had 6 spell levels left.
You didn't know any spells.
Your spell library contained the following spells:

 Spells                   Type           Power      Damage    Failure   Level
 Magic Dart               Conj           0%         1d3       38%         1
 Necrotise                Necr           0%         1d4       38%         1
 Searing Ray              Conj           0%         2d4       52%         2
 Sublimation of Blood     Necr           0%         N/A       52%         2
 Wereblood                Tmut           0%         N/A       52%         2
 Vampiric Draining        Necr           0%         2d6       77%         3
 Fulminant Prism          Conj/Hex       0%         3d6       99%         4
 Agony                    Necr           0%         N/A       100%        5
 Haunt                    Necr/Summ      0%         N/A       100%        7
 Summon Hydra             Summ           0%         N/A       100%        7
 Death's Door             Necr           0%         N/A       100%        9


Dungeon Overview and Level Annotations

Branches:
Dungeon (5/15)             Temple (0/1) D:5

Altars:
Makhleb
Wu Jian
Xom

Annotations:
D:4 middlethird's ghost, amateur VSCj
D:5 Sigmund


Innate Abilities, Weirdness & Mutations

You are too large for most types of armour.
You have tough skin. (AC +1)


Message History

* * * LOW HITPOINT WARNING * * *
You feel clumsy. The quasit barely misses you. The quasit claws you.
* * * LOW HITPOINT WARNING * * *
The quasit claws you.
* * * LOW HITPOINT WARNING * * *
You closely miss the quasit.
The quasit is almost dead.
The quasit bites you but does no damage.
The quasit claws you but does no damage. x2
The quasit bites you but does no damage.
The quasit completely misses you.
The quasit claws you but does no damage.
You closely miss the quasit.
The quasit is almost dead.
The quasit bites you.
* * * LOW HITPOINT WARNING * * *
The quasit claws you but does no damage. x2
The quasit bites you but does no damage.
The quasit claws you.
* * * LOW HITPOINT WARNING * * *
You feel clumsy.
The quasit claws you but does no damage.
You spin and attack the quasit.
You hit the quasit but do no damage.
The quasit is almost dead.
The quasit bites you.
* * * LOW HITPOINT WARNING * * *
You feel clumsy.
The quasit claws you but does no damage.
The quasit claws you.
* * * LOW HITPOINT WARNING * * *
The quasit bites you.
* * * LOW HITPOINT WARNING * * *
You feel clumsy.
The quasit claws you but does no damage.
The quasit claws you.
* * * LOW HITPOINT WARNING * * *
You fade into invisibility!
The quasit bites you.
You die...

##......####©###..>
#..................
#..........#.......
#..........#..#....
#.............#.#..
#>....(...........#
##.(...............
#.5...............#
#.@...............#
#.................#
#.................#
#.................#
##................#
##...............#
#################


You could see a quasit (unable to see you).

Vanquished Creatures
  Menkaure (D:4)
  A phantom (D:4)
  A scorpion (D:5)
  A howler monkey (D:5)
  A quasit (D:4)
  A jelly (D:5)
  An iguana (D:5)
  Ijyb (D:3)
  4 gnolls (D:4)
  14 adders
  2 ufetubi
  A worm (D:3)
  An orc (D:3)
  13 ball pythons
  8 endoplasms
  4 giant cockroaches
  6 goblins
  7 hobgoblins
  14 jackals
  6 kobolds
  A quokka (D:4)
  7 bats
  2 frilled lizards
  4 rats
102 creatures vanquished.

Notes
Turn   | Place    | Note
-------+----------+-------------------------------------------
     0 | D:1      | tizbic2 the Ogre Gladiator began the quest for the Orb.
     0 | D:1      | Reached XP level 1. HP: 22/22 MP: 1/1
   288 | D:1      | Reached XP level 2. HP: 28/31 MP: 2/2
   526 | D:1      | You fall into a shaft and drop 1 floor!
   651 | D:2      | Got Rukyss's Compendium of the Dead
   657 | D:2      | Reached XP level 3. HP: 24/37 MP: 3/3
  1555 | D:2      | Reached XP level 4. HP: 15/48 MP: 4/4
  2838 | D:3      | Noticed Ijyb
  2848 | D:3      | Killed Ijyb
  2849 | D:3      | Reached XP level 5. HP: 33/55 MP: 5/5
  2981 | D:3      | Found a faded altar of an unknown god.
  3090 | D:3      | Found a shimmering altar of Xom.
  3091 | D:3      | Found a shimmering altar of Xom.
  3091 | D:3      | Found a shimmering altar of Xom.
  3091 | D:3      | Found a shimmering altar of Xom.
  3091 | D:3      | Found a shimmering altar of Xom.
  3860 | D:4      | Noticed a phantom
  3893 | D:4      | Noticed middlethird's ghost (amateur VSCj)
  3893 | D:4      | Noticed Menkaure
  3893 | D:4      | Found a transporter.
  4000 | D:4      | Found an ornate altar of the Wu Jian Council.
  4027 | D:4      | Became a worshipper of the Wu Jian Council
  4074 | D:4      | Killed a phantom
  4075 | D:4      | Reached skill level 5 in Fighting
  4075 | D:4      | Reached skill level 5 in Maces & Flails
  4075 | D:4      | Reached XP level 6. HP: 38/66 MP: 6/6
  4151 | D:4      | Killed Menkaure
  4458 | D:4      | Found a transporter.
  5001 | D:4      | Reached XP level 7. HP: 38/74 MP: 7/7
  5334 | D:4      | HP: 2/74 [quasit (2)]
  5348 | D:5      | Entered Level 5 of the Dungeon
  5812 | D:5      | HP: 3/75 [iguana (4)]
  6131 | D:5      | Found a burning altar of Makhleb.
  6296 | D:5      | Found a staircase to the Ecumenical Temple.
  6370 | D:5      | Reached * piety under Wu Jian
  6812 | D:5      | Noticed Sigmund
  6843 | D:5      | HP: 3/76 [poisoned by Sigmund]
  7013 | D:4      | Lost dexterity.
  7018 | D:4      | HP: 2/76 [quasit (2)]
  7019 | D:4      | Slain by a quasit

Illustrated notes

Levels and vault maps discovered:
D:1:      scummos_arrival_simple_fountains, layout_loops_ring, minmay_tromino_i2
D:2:      layout_loops_corners, minmay_snake_closets
D:3:      layout_basic, xom_redecorated, ebering_ecumenical_altar_hall,
          uniq_ijyb
D:4:      layout_rooms, mainiacjoe_overflow_cross_hatched,
          gammafunk_ghost_stat_death, uniq_menkaure
D:5:      layout_basic, mainiacjoe_overflow_six_doors_small,
          mainiacjoe_overflow_paths, lemuel_temple_firewalk_a,
          kennysheep_generic_room_12, uniq_sigmund

Skill      XL: |  1  2  3  4  5  6  7 |
---------------+----------------------+-----
Fighting       | 3 4 5 6 |  6.4
Maces & Flails | 3 4 5 6 |  6.6
Throwing       | |  2.0
Dodging        | |  2.6

Action                   |  1- 3 |  4- 6 |  7- 9 || total
-------------------------+-------+-------+-------++-------
Melee: Flail             |    20 |    44 |       ||    64
       Mace              |   100 |   151 |   112 ||   363
       Punch             |       |     4 |       ||     4
       Spear             |       |       |    11 ||    11
Throw: Throwing net      |     3 |     4 |       ||     7
       Large rock        |       |     9 |     2 ||    11
       Stone             |       |    15 |       ||    15
Invok: Lunge             |       |    11 |     1 ||    12
       Whirlwind         |       |       |     5 ||     5
  Use: Scroll            |       |     9 |     2 ||    11
       Potion            |       |     3 |     2 ||     5
 Stab: Held in net/web   |     1 |     1 |       ||     2
       Sleeping          |       |     1 |       ||     1
Armor: Robe              |    51 |    61 |   109 ||   221
       Skin              |       |    10 |     8 ||    18
Dodge: Dodged            |    87 |   133 |   134 ||   354
